 Dungeon Crawl Stone Soup version 0.29-a0-998-g1987434951 (webtiles) character file.

Game seed: 17906258357239219915

1107 siradein the Skirmisher (level 8, 0/64 HPs)
             Began as a Gnoll Hunter on Aug 6, 2022.
             Engulfed by a steam dragon's steam (1 damage)
             ... on level 6 of the Dungeon.
             The game lasted 00:07:34 (3285 turns).

siradein the Skirmisher (Gnoll Hunter)              Turns: 3285, Time: 00:07:35

Health: 0/64       AC:  9    Str: 12    XL:     8   Next: 33%
Magic:  12/12      EV: 18    Int:  8    God:
Gold:   209        SH:  0    Dex: 17    Spells: 13/13 levels left

rFire   . . .      SeeInvis +   a - +0 shortbow
rCold   + . .      Faith    .   (shield currently unavailable)
rNeg    + + .      Spirit   .   b - +2 leather armour {rC+}
rPois   .          Reflect  .   p - +0 helmet
rElec   +          Harm     .   (no cloak)
rCorr   .          Rampage  .   (no gloves)
Will    .....                   w - +2 pair of boots of the Valley {+Inv rElec rN++ SInv}
Stlth   +++.......              (no amulet)
HPRegen 0.20/turn               h - +4 ring of evasion
MPRegen 0.13/turn               (no ring)

@: no status effects
A: fangs 1, strong nose, distributed training
a: Evoke Invisibility


You were on level 6 of the Dungeon.
You visited 1 branch of the dungeon, and saw 7 of its levels.

You collected 209 gold pieces.

Inventory:

Hand Weapons
 a - a +0 shortbow (weapon)
 c - the +4 falchion of Deformation {vorpal, rN+ Str+2}
   (You found it on level 7 of the Dungeon)

   It inflicts extra damage upon your enemies.
   Str:       It affects your strength (+2).
   rN:        It protects you from negative energy.
Missiles
 y - a silver boomerang
Armour
 b - a +2 leather armour of cold resistance (worn)
 p - a +0 helmet (worn)
 w - the +2 pair of boots of the Valley (worn) {+Inv rElec rN++ SInv}
   (You found it on level 3 of the Dungeon)

   rElec:     It insulates you from electricity.
   rN:        It greatly protects you from negative energy.
   SInv:      It lets you see invisible.
   +Inv:      It lets you turn invisible.
Jewellery
 f - a ring of ice
 h - a +4 ring of evasion (left hand)
Scrolls
 i - a scroll of noise {unknown}
 l - 2 scrolls of teleportation {unknown}
 m - a scroll of amnesia
 n - a scroll of enchant armour {unknown}
 o - a scroll of immolation
 q - 2 scrolls of enchant weapon
 r - 2 scrolls of brand weapon {unknown}
 s - a scroll of identify
Potions
 d - a potion of curing
 e - 2 potions of cancellation {unknown}
 g - a potion of heal wounds
 j - a potion of brilliance {unknown}
 k - 2 potions of invisibility {unknown}
 u - 4 potions of flight {unknown}
 x - a potion of haste {unknown}


   Skills:
 + Level 5.7 Fighting
 + Level 3.3 Short Blades
 + Level 3.3 Long Blades
 + Level 3.3 Axes
 + Level 3.3 Maces & Flails
 + Level 3.3 Polearms
 + Level 3.3 Staves
 + Level 9.2 Ranged Weapons
 + Level 3.3 Throwing
 + Level 3.3 Armour
 + Level 5.7 Dodging
 + Level 4.1 Stealth
 + Level 3.3 Shields
 + Level 3.3 Unarmed Combat
 + Level 3.3 Spellcasting
 + Level 2.6 Conjurations
 + Level 2.6 Hexes
 + Level 2.6 Summonings
 + Level 2.6 Necromancy
 + Level 2.6 Translocations
 + Level 2.6 Transmutations
 + Level 2.6 Fire Magic
 + Level 2.6 Ice Magic
 + Level 2.6 Air Magic
 + Level 2.6 Earth Magic
 + Level 2.6 Poison Magic
 + Level 3.6 Invocations
 + Level 3.3 Evocations


You had 13 spell levels left.
You didn't know any spells.
Your spell library contained the following spells:

 Spells                   Type           Power      Damage    Failure   Level
 Freeze                   Ice            20%        1d4       13%         1
 Frozen Ramparts          Ice            10%        1d9       36%         3
 Hailstorm                Conj/Ice       5%         3d4       78%         4


Dungeon Overview and Level Annotations

Branches:
Dungeon (7/15)
 Temple: D:4-7

Altars:
Dithmenos
Kikubaaqudgha
Ru
Trog
Xom
The Shining One


Innate Abilities, Weirdness & Mutations

You have very sharp teeth.
Your uncanny sense of smell can sniff out nearby items.
Your experience applies equally to all skills.


Message History

The shadow imp barely misses you.
Unknown command.
Fire: a) +0 shortbow
Press: ? - help, Q - select action, (/) - cycle Shift-Dir - straight line, f/p - steam dragon
Aim: a steam dragon (steam, heavily wounded, 66% to hit)
You shoot an arrow. The arrow hits the steam dragon!
The steam dragon is almost dead.
The bullfrog misses you. The bullfrog hits you.
* * * LOW HITPOINT WARNING * * *
The steam dragon barely misses you. The steam dragon misses you.
The shadow imp closely misses you.
Unknown command.
You feel much better. The bullfrog misses you. The steam dragon bites you.
The steam dragon claws you. The shadow imp closely misses you.
Fire: a) +0 shortbow
Press: ? - help, Q - select action, (/) - cycle Shift-Dir - straight line, f/p - steam dragon
Aim: a steam dragon (almost dead, 66% to hit)
You shoot an arrow.
The arrow barely misses the steam dragon.
The bullfrog completely misses you. The bullfrog closely misses you.
The shadow imp barely misses you. The steam dragon barely misses you.
The steam dragon misses you.
Fire: a) +0 shortbow
Press: ? - help, Q - select action, (/) - cycle Shift-Dir - straight line, f/p - steam dragon
Aim: a steam dragon (almost dead, 66% to hit)
You shoot an arrow.
The arrow completely misses the steam dragon.
The bullfrog hits you. The steam dragon breathes steam at you.
The ball of steam hits you!
* * * LOW HITPOINT WARNING * * *
The shadow imp barely misses you. The bullfrog hits you.
* * * LOW HITPOINT WARNING * * *
Fire: a) +0 shortbow
Press: ? - help, Q - select action, (/) - cycle Shift-Dir - straight line, f/p - steam dragon
Aim: a steam dragon (almost dead, catching its breath, 66% to hit)
You shoot an arrow.
The arrow barely misses the steam dragon.
You are engulfed in a cloud of scalding steam.
You die...

##...D### ##...# #.#†# #.#.#
∆ #.†.# ##)..## ##<)...#
###FD5...###########
#...@..............
#..§§§............#
#.#§.§....##......###
##.#§#...#[# #.#......
#######....#...#(# #.#......
#..........#####.###.#......
#..........# #..##..># #
#..........# ##.##..##
#..........# ##....##


You could see a steam dragon (catching breath), a bullfrog and a shadow imp.

Vanquished Creatures
  Sigmund (D:4)
  Eustachio (D:4)
  A water moccasin (D:7)
  A sky beast (D:6)
  Blork the orc (D:5)
  2 bullfrogs
  A necrophage (D:6)
  A scorpion (D:4)
  A hound (D:4)
  An orc priest (D:3)
  An iguana (D:7)
  An orc wizard (D:3)
  Robin (D:2)
  A gnoll (D:6)
  5 adders
  4 worms
  A dart slug (D:2)
  8 orcs
  7 endoplasms
  5 giant cockroaches
  12 goblins
  8 hobgoblins
  5 kobolds
  3 quokkas
  5 ball pythons
  4 bats
  6 frilled lizards
  8 rats
96 creatures vanquished.

Vanquished Creatures (others)
  An orc wizard (D:6)
1 creature vanquished.

Grand Total: 97 creatures vanquished

Notes
Turn   | Place    | Note
-------+----------+-------------------------------------------
     0 | D:1      | siradein the Gnoll Hunter began the quest for the Orb.
     0 | D:1      | Reached XP level 1. HP: 20/20 MP: 1/1
   107 | D:1      | Reached XP level 2. HP: 22/26 MP: 2/2
   222 | D:1      | Found a faded altar of an unknown god.
   223 | D:1      | Noticed a golden eye
   225 | D:1      | Noticed an eye of devastation
   225 | D:1      | Noticed an eye of devastation
   225 | D:1      | Noticed a floating eye
   547 | D:1      | Reached XP level 3. HP: 21/31 MP: 3/3
   814 | D:2      | Reached skill level 1 in Invocations
   834 | D:2      | Noticed Robin
   845 | D:2      | Killed Robin
   846 | D:2      | Reached skill level 1 in Short Blades
   846 | D:2      | Reached skill level 1 in Long Blades
   846 | D:2      | Reached skill level 1 in Axes
   846 | D:2      | Reached skill level 1 in Maces & Flails
   846 | D:2      | Reached skill level 1 in Polearms
   846 | D:2      | Reached skill level 1 in Staves
   846 | D:2      | Reached skill level 1 in Throwing
   846 | D:2      | Reached skill level 1 in Armour
   846 | D:2      | Reached skill level 1 in Shields
   846 | D:2      | Reached skill level 1 in Unarmed Combat
   846 | D:2      | Reached skill level 1 in Spellcasting
   846 | D:2      | Reached skill level 1 in Evocations
   856 | D:2      | Reached XP level 4. HP: 31/38 MP: 5/5
  1007 | D:2      | Found a shadowy altar of Dithmenos.
  1171 | D:2      | Reached skill level 1 in Conjurations
  1171 | D:2      | Reached skill level 1 in Hexes
  1171 | D:2      | Reached skill level 1 in Summonings
  1171 | D:2      | Reached skill level 1 in Necromancy
  1171 | D:2      | Reached skill level 1 in Translocations
  1171 | D:2      | Reached skill level 1 in Transmutations
  1171 | D:2      | Reached skill level 1 in Fire Magic
  1171 | D:2      | Reached skill level 1 in Ice Magic
  1171 | D:2      | Reached skill level 1 in Air Magic
  1171 | D:2      | Reached skill level 1 in Earth Magic
  1171 | D:2      | Reached skill level 1 in Poison Magic
  1237 | D:3      | Reached XP level 5. HP: 24/43 MP: 5/7
  1707 | D:3      | Found a bloodstained altar of Trog.
  1723 | D:3      | Identified the +2 pair of boots of the Valley {+Inv rElec
                  | rN++ SInv}
  1843 | D:3      | Found a shimmering altar of Xom.
  1843 | D:3      | Found a sacrificial altar of Ru.
  1843 | D:3      | Found an ancient bone altar of Kikubaaqudgha.
  2008 | D:3      | Found a glowing golden altar of the Shining One.
  2485 | D:4      | Noticed Sigmund
  2502 | D:4      | Killed Sigmund
  2503 | D:4      | Reached skill level 5 in Fighting
  2503 | D:4      | Reached skill level 5 in Dodging
  2503 | D:4      | Reached XP level 6. HP: 44/51 MP: 7/9
  2645 | D:4      | Reached XP level 7. HP: 47/56 MP: 10/10
  2746 | D:4      | Noticed Eustachio
  2756 | D:4      | Killed Eustachio
  2852 | D:4      | You fall into a shaft and drop 3 floors!
  2878 | D:7      | Reached skill level 9 in Ranged Weapons
  2991 | D:7      | Identified the +4 falchion of Deformation {vorpal, rN+
                  | Str+2}
  3205 | D:6      | Reached XP level 8. HP: 51/63 MP: 12/12
  3244 | D:6      | Noticed Blork the orc
  3251 | D:5      | Entered Level 5 of the Dungeon
  3260 | D:5      | Killed Blork the orc
  3284 | D:6      | HP: 1/64 [bullfrog (3)]
  3285 | D:6      | Engulfed by a steam dragon's steam

Illustrated notes

Levels and vault maps discovered:
D:1:      lightli_arrival_farm, layout_rooms,
          hellmonk_ecumenical_altar_watching_god,
          amcnicky_mini_corridor_feature, minmay_tetromino_i4
D:2:      layout_rooms, basic_altar, uniq_robin
D:3:      layout_loops_ring, mainiacjoe_overflow_small_starburst,
          gammafunk_temple_overflow_claw, nicolae_tso_swordbearing_angel
D:4:      layout_loops_corners, minmay_temple_entry_junction_2,
          uniq_crazy_yiuf_cottage, uniq_sigmund, uniq_eustachio
D:5:      layout_gridville, serial_shops, shop
D:6:      layout_rooms, mainiacjoe_overflow_alcove_1,
          nicolae_ossuary_entry_giza, st_stairs_6, uniq_blork_the_orc
D:7:      layout_layer_cave

Skill      XL: |  1  2  3  4  5  6  7  8 |
---------------+-------------------------+-----
Invocations    | 1 2 3 |  3.6
Short Blades   | 1 2 3 |  3.3
Long Blades    | 1 2 3 |  3.3
Axes           | 1 2 3 |  3.3
Maces & Flails | 1 2 3 |  3.3
Polearms       | 1 2 3 |  3.3
Staves         | 1 2 3 |  3.3
Throwing       | 1 2 3 |  3.3
Armour         | 1 2 3 |  3.3
Shields        | 1 2 3 |  3.3
Unarmed Combat | 1 2 3 |  3.3
Spellcasting   | 1 2 3 |  3.3
Evocations     | 1 2 3 |  3.3
Conjurations   | 1 2 |  2.6
Hexes          | 1 2 |  2.6
Summonings     | 1 2 |  2.6
Necromancy     | 1 2 |  2.6
Translocations | 1 2 |  2.6
Transmutations | 1 2 |  2.6
Fire Magic     | 1 2 |  2.6
Ice Magic      | 1 2 |  2.6
Air Magic      | 1 2 |  2.6
Earth Magic    | 1 2 |  2.6
Poison Magic   | 1 2 |  2.6
Fighting       | 5 |  5.7
Dodging        | 5 |  5.7
Stealth        | 3 4 |  4.1
Ranged Weapons | 9 |  9.2

Action                   |  1- 3 |  4- 6 |  7- 9 || total
-------------------------+-------+-------+-------++-------
Melee: Falchion          |       |       |     6 ||     6
       Punch             |       |       |     1 ||     1
 Fire: Shortbow          |    85 |   142 |    94 ||   321
  Use: Scroll            |     4 |     3 |     3 ||    10
       Potion            |       |       |     5 ||     5
Armor: Leather armour    |     5 |    13 |    31 ||    49
Dodge: Dodged            |    25 |    37 |   107 ||   169

Table legend: (Time is in decaauts)
 A = Elapsed time spent in this place.
 B = Non-inter-level travel time spent in this place.
 C = Inter-level travel time spent in this place.
 D = Time resting spent in this place.
 E = Time spent auto-exploring this place.
 F = Levels seen in this place.
 G = Mean time per level.
                   A        B        C        D        E       F      G
               +--------+--------+--------+--------+--------+-----+--------+
         Total |   3341 |   3110 |    231 |    173 |   2175 |   7 |  477.3 |
       Dungeon |   3341 |   3110 |    231 |    173 |   2175 |   7 |  477.3 |
               +--------+--------+--------+--------+--------+-----+--------+

Top non-repeatable levels by time:
     D:3: 1222 daAuts
     D:1: 735 daAuts
     D:2: 514 daAuts
     D:4: 430 daAuts
     D:7: 307 daAuts
     D:6: 120 daAuts
     D:5: 11 daAuts
